 Dungeon Crawl Stone Soup version 0.30-a0-1082-g70414cbcbb (webtiles) character file.

Game seed: 561500265330726474

1107 ryw the Cudgeller (level 8, -5/58 HPs)
             Began as a Mummy Fighter on Apr 16, 2023.
             Slain by a small abomination (9 damage)
             ... on level 2 of the Abyss.
             The game lasted 00:10:22 (4274 turns).

ryw the Cudgeller (Mummy Fighter)                   Turns: 4274, Time: 00:10:23

Health: -5/58      AC: 15    Str: 21    XL:     8   Next: 11%
Magic:  8/8        EV: 11    Int:  7    God:
Gold:   196        SH:  4    Dex: 12    Spells: 7/7 levels left

rFire   . . .      SeeInvis .    q - +0 flail (elec)
rCold   + . .      Faith    +    c - +0 buckler
rNeg    + + +      Spirit   .    e - +0 plate armour
rPois   ∞          Reflect  .    (no helmet)
rElec   .          Rampage  .    f - +1 cloak
rCorr   .                        i - +0 pair of gloves
Will    +....                    (no boots) Stlth
                                 s - amulet of the acrobat
HPRegen 0.29/turn                r - +5 ring of evasion
MPRegen 0.11/turn                k - ring of protection from fire

@: no status effects
A: cold resistance 1, negative energy resistance 3, torment resistance 2, heat
vulnerability 1, in touch with death 1, no potions, faith
a: no special abilities


You were on level 2 of the Abyss.
You visited 1 branch of the dungeon, and saw 5 of its levels.
You visited the Abyss 1 time.

You collected 196 gold pieces.

Inventory:

Hand Weapons
 a - a +2 whip of distortion
 b - a +4 sling
 m - a +1 flail of holy wrath
 q - a +0 flail of electrocution (weapon)
Armour
 c - a +0 buckler (worn)
 e - a +0 plate armour (worn)
 f - a +1 cloak (worn)
 i - a +0 pair of gloves (worn)
Jewellery
 g - an amulet of guardian spirit
 k - a ring of protection from fire (right hand)
 r - a +5 ring of evasion (left hand)
 s - an amulet of the acrobat (around neck)
Wands
 l - a wand of light (4)
 p - a wand of mindburst (15)
Scrolls
 d - 9 scrolls of identify
 h - 2 scrolls of amnesia


   Skills:
 - Level 3.0 Fighting
 * Level 6.7 Maces & Flails
 + Level 5.1 Armour
 - Level 2.4 Shields


You had 7 spell levels left.
You didn't know any spells.
Your spell library contained the following spells:

 Spells                   Type           Power      Damage    Failure   Level
 Leda's Liquefaction      Hex/Erth       0%         N/A       100%        4
 Summon Ice Beast         Ice/Summ       0%         N/A       100%        4
 Silence                  Hex/Air        0%         N/A       100%        5
 Monstrous Menagerie      Summ           0%         N/A       100%        7


Dungeon Overview and Level Annotations

Branches:
Dungeon (5/15)
 Temple: D:4-7

Altars:
Cheibriados
Fedhas


Innate Abilities, Weirdness & Mutations

You are immune to poison.
Your flesh is cold resistant. (rC+)
You are immune to negative energy. (rN+++)
You are immune to unholy pain and torment.
You are vulnerable to heat. (rF-)
You are in touch with the powers of death.
You do not drink.
You have a special connection with the divine. (Faith)


Message History

The small abomination barely misses you.
The naga mage spits poison at you. The splash of poison misses you.
The small abomination hits you! The ufetubus misses you.
The ufetubus barely misses you.
You hit the ufetubus.
The ufetubus is lightly wounded.
You block the ufetubus's attack. The ufetubus closely misses you.
The small abomination hits you!
You block the small abomination's attack.
A wretched star comes into view.
The ufetubus hits you but does no damage.
You block the ufetubus's attack.
The small abomination hits you but does no damage.
The small abomination hits you!
A wretched star comes into view.
You barely miss the ufetubus.
The ufetubus is lightly wounded.
The ufetubus hits you but does no damage. x2
The guardian serpent casts a spell at you.
The small abomination closely misses you.
The small abomination hits you!
* * * LOW HITPOINT WARNING * * *
The wretched star pulses with an eldritch light!
The ufetubus barely misses you. x2
You hear a shout!
You hit the ufetubus. Lightning courses through the ufetubus!
You kill the ufetubus!
The guardian serpent hits you but does no damage.
The small abomination hits you.
* * * LOW HITPOINT WARNING * * *
A large abomination comes into view.
The small abomination hits you.
* * * LOW HITPOINT WARNING * * *
A large abomination comes into view.
You block the guardian serpent's attack.
The small abomination closely misses you.
A quasit comes into view.
The small abomination attacks as you move away!
The small abomination hits you!
You die... 5

.# .# .##
### ...##
#x#*....#
#@SN.....
#X.#x....#.
#.# #N..##
#. ....# #
N..*..
....X .....
....


You could see 2 wretched stars, 2 large abominations, a guardian serpent, a naga
mage, a naga, 2 small abominations and a quasit.

Vanquished Creatures
  Grinder (D:3)
  A raiju (Abyss:2)
  Menkaure (D:4)
  2 ogres
  2 scorpions
  3 vampire bats (D:3)
  2 hounds
  An orc wizard (D:2)
  Robin (D:2)
  2 adders
  An ufetubus (Abyss:2)
  2 worms
  A dart slug (D:5)
  5 orcs
  5 ball pythons
  10 bats
  9 endoplasms
  4 giant cockroaches
  15 goblins
  10 hobgoblins
  3 quokkas
  A frilled lizard (D:3)
  6 kobolds
  8 rats
96 creatures vanquished.

Vanquished Creatures (others)
  20 plants (D:4)
20 creatures vanquished.

Grand Total: 116 creatures vanquished

Notes
Turn   | Place    | Note
-------+----------+-------------------------------------------
     0 | D:1      | ryw the Mummy Fighter began the quest for the Orb.
     0 | D:1      | Reached XP level 1. HP: 18/18 MP: 1/1
   154 | D:1      | Reached skill level 2 in Maces & Flails
   313 | D:1      | Reached XP level 2. HP: 24/24 MP: 2/2
   838 | D:2      | Gained mutation: You are in touch with the powers of death.
                  | [Mummy growth]
   838 | D:2      | Reached XP level 3. HP: 26/29 MP: 3/3
   954 | D:2      | Noticed Robin
   988 | D:2      | Killed Robin
   989 | D:2      | Reached skill level 3 in Maces & Flails
   997 | D:2      | Reached XP level 4. HP: 32/35 MP: 4/4
  1502 | D:3      | Got Sif Muna's Catalogue of the Congregation and the Fair
                  | Folk
  1586 | D:3      | Noticed an angel
  1793 | D:3      | Reached XP level 5. HP: 41/41 MP: 5/5
  1805 | D:3      | Reached skill level 4 in Maces & Flails
  1916 | D:3      | Noticed Grinder
  2097 | D:4      | Noticed an ogre
  2102 | D:5      | Entered Level 5 of the Dungeon
  2113 | D:5      | Reached XP level 6. HP: 47/47 MP: 6/6
  2330 | D:5      | Reached skill level 5 in Maces & Flails
  2512 | D:3      | Paralysed by Grinder for 3 turns
  2527 | D:3      | Killed Grinder
  2528 | D:3      | Reached XP level 7. HP: 40/52 MP: 5/7
  2939 | D:4      | Noticed Menkaure
  2951 | D:4      | Killed Menkaure
  2952 | D:4      | Reached skill level 6 in Maces & Flails
  3109 | D:4      | Found a snail-covered altar of Cheibriados.
  3412 | D:4      | Found a blossoming altar of Fedhas.
  3543 | Abyss:2  | Cast into level 2 of the Abyss (unwielding a weapon of
                  | distortion)
  3550 | Abyss:2  | Noticed a raiju
  3586 | Abyss:2  | Killed a raiju
  3587 | Abyss:2  | Reached skill level 5 in Armour
  3587 | Abyss:2  | Reached XP level 8. HP: 58/58 MP: 8/8
  3701 | Abyss:2  | Noticed a large abomination
  3709 | Abyss:2  | Noticed an ancient zyme
  3729 | Abyss:2  | Found a corrupted altar of Lugonu.
  3764 | Abyss:2  | Noticed a raiju
  3764 | Abyss:2  | Noticed a raiju
  3770 | Abyss:2  | Noticed a raiju
  4268 | Abyss:2  | Noticed a guardian serpent
  4268 | Abyss:2  | Noticed a naga mage
  4269 | Abyss:2  | Noticed a wretched star
  4271 | Abyss:2  | Noticed a wretched star
  4271 | Abyss:2  | Noticed a wretched star
  4273 | Abyss:2  | Noticed a large abomination
  4273 | Abyss:2  | Noticed a large abomination
  4274 | Abyss:2  | Slain by a small abomination

Illustrated notes

Levels and vault maps discovered:
D:1:      lightli_arrival_lavapool, layout_loops_cross, minmay_misc_feat_tiny
D:2:      layout_rooms, kennysheep_generic_room_9, uniq_robin
D:3:      layout_loops_ring, zin_angel, kennysheep_decorative_pillar,
          roderic_batcave, uniq_grinder
D:4:      layout_basic, fedhas_altar_decomposition, general_overflow_altar,
          serial_bayou, serial_bayou_pond_b, serial_bayou_crossing,
          serial_bayou_shore_b, serial_bayou_ford_a, uniq_menkaure
D:5:      layout_rooms, nrook_mini_backslash, uniq_edmund
Abyss:2:  base: Temple, minivault_11, evilmike_abyss_exit_mutagenic

Skill      XL: |  1  2  3  4  5  6  7 |
---------------+----------------------+-----
Maces & Flails | 2 3 4 5 6 |  6.7
Armour         | 3 4 5 |  5.1
Fighting       | |  3.0
Shields        | |  2.4

Action                     |  1- 3 |  4- 6 |  7- 9 || total
---------------------------+-------+-------+-------++-------
  Melee: Flail             |   137 |   143 |    27 ||   307
         Whip              |       |       |    33 ||    33
  Evoke: Wand              |       |       |     5 ||     5
    Use: Scroll            |       |     1 |     3 ||     4
 Armour: Scale mail        |     7 |       |       ||     7
         Plate armour      |   113 |    77 |    19 ||   209
  Dodge: Dodged            |    66 |    62 |    55 ||   183
  Block: Buckler           |    28 |    32 |    18 ||    78

Table legend: (Time is in decaauts)
 A = Elapsed time spent in this place.
 B = Non-inter-level travel time spent in this place.
 C = Inter-level travel time spent in this place.
 D = Time resting spent in this place.
 E = Time spent auto-exploring this place.
 F = Levels seen in this place.
 G = Mean time per level.
                   A        B        C        D        E       F      G
               +--------+--------+--------+--------+--------+-----+--------+
         Total |   4372 |   4177 |    195 |    570 |   2601 |   6 |  728.7 |
       Dungeon |   3639 |   3444 |    195 |      0 |   2577 |   5 |  727.8 |
         Abyss |    732 |    732 |      0 |    570 |     24 |   1 |  732.0 |
               +--------+--------+--------+--------+--------+-----+--------+

Top non-repeatable levels by time:
     D:4: 1033 daAuts
     D:3: 796 daAuts
     D:1: 778 daAuts
 Abyss:2: 732 daAuts
     D:2: 688 daAuts
     D:5: 342 daAuts
